 Dungeon Crawl Stone Soup version 0.31-a0-523-g071a6c1ffa (webtiles) character file.

Game seed: 10915229782070707503

312 Dittersdorf the Shield-Bearer (level 6, -3/39 HPs)
             Began as a Gargoyle Fighter on Aug 11, 2023.
             Splashed by a jelly's acid (9 damage)
             ... on level 3 of the Dungeon.
             The game lasted 00:02:04 (2223 turns).

Dittersdorf the Shield-Bearer (Gargoyle Fighter)    Turns: 2223, Time: 00:02:05

Health: -3/39      AC:  7    Str: 22    XL:     6   Next: 42%
Magic:  6/6        EV:  9    Int:  8    God:
Gold:   100        SH:  4    Dex:  9    Spells: 5/5 levels left

rFire   . . .        a - +0 flail
rCold   . . .        c - +0 buckler
rNeg    + . .        b - +0 scale mail
rPois   ∞            (no helmet)
rElec   +            (no cloak)
rCorr   .            (no gloves)
SInv    +            (no boots)
Will    .....        (no amulet) Stlth
                     q - ring of see invisible
HPRegen 0.26/turn    (no ring)
MPRegen 0.10/turn

%: no passive effects
@: corroded
A: sickness immunity, AC +4, negative energy resistance 1, electricity
resistance, torment resistance 1, petrification resistance
a: no special abilities


You were on level 3 of the Dungeon.
You visited 1 branch of the dungeon, and saw 4 of its levels.

You collected 100 gold pieces.

Inventory:

Hand Weapons
 a - a +0 flail (weapon)
Missiles
 p - a throwing net
Armour
 b - a +0 scale mail (worn)
 c - a +0 buckler (worn)
Jewellery
 h - a ring of ice
 q - a ring of see invisible (left hand)
Scrolls
 f - 2 scrolls of noise {unknown}
 l - a scroll of revelation {unknown}
 n - a scroll of enchant armour {unknown}
 o - 3 scrolls of identify {unknown}
 r - 2 scrolls of teleportation {unknown}
Potions
 d - a potion of might
 e - 3 potions of heal wounds {unknown}
 g - a potion of curing {unknown}
 i - 2 potions of enlightenment {unknown}
 j - 2 potions of degeneration {unknown}
 k - a potion of cancellation {unknown}
 m - 3 potions of lignification {unknown}


   Skills:
 + Level 4.7 Fighting
 + Level 3.7 Maces & Flails
 + Level 4.7 Armour
 + Level 4.7 Shields


You had 5 spell levels left.
You didn't know any spells.
Your spell library was empty.

Dungeon Overview and Level Annotations

Branches:
Dungeon (4/15)
 Temple: D:4-7

Altars:


Innate Abilities, Weirdness & Mutations

You are immune to sickness and miasma.
Your stone body is resilient. (AC +4)
You are immune to poison.
You resist negative energy. (rN+)
You are resistant to electric shocks. (rElec)
You are resistant to unholy torment.
You are immune to petrification.


Message History

The gnoll is almost dead.
The gnoll hits you with a +0 whip. You block the gnoll's attack.
You barely miss the gnoll.
The gnoll is almost dead.
The gnoll hits you but does no damage. x2
You barely miss the gnoll.
The gnoll is almost dead.
A goblin comes into view. It is wielding a +0 club.
The gnoll barely misses you.
A hobgoblin comes into view.
The goblin shouts!
The hobgoblin shouts!
You sock the gnoll!
You kill the gnoll!
The gnoll hits you but does no damage.
You hit the jelly. The acid corrodes you!
Your hands burn!
The jelly is lightly wounded.
The gnoll closely misses you. The jelly hits you but does no damage.
You hit the jelly.
Your hands burn!
The jelly is moderately wounded.
The gnoll hits you but does no damage. The jelly hits you but does no damage.
You are too injured to fight recklessly!
You are too injured to fight recklessly!
You are too injured to fight recklessly!
You are too injured to fight recklessly!
You are too injured to fight recklessly!
You are too injured to fight recklessly!
The gnoll completely misses you. The gnoll attacks as you move away!
The gnoll barely misses you. The jelly attacks as you move away!
The jelly hits you but does no damage.
There is a stone staircase leading up here.
The gnoll completely misses you. The jelly barely misses you.
You climb upwards.
There is a stone staircase leading down here.
You closely miss the gnoll. The gnoll hits you but does no damage.
The jelly hits you.
You are splashed with acid!
* * * LOW HITPOINT WARNING * * *
The gnoll hits you but does no damage. The jelly hits you.
* * * LOW HITPOINT WARNING * * *
You are splashed with acid!
You die...

#####.# #.###...##
#.# ......# #.# ##.##
#.# ####### #.# #.#
#.# #.# #.# #.# #.#
#.# #)# #.# #.# #.#
#.####.# #.#
#.....g####### #.# #
##...@.......# #.# #
#.##J.#####.# #.# #
#.##..# #.# #.# #
#.##..#####.# #.# #
#.##..##....# #.# #
#...........# #.# #
#.##.###....#####.# #
#.##.####.........# #
###.##......#.......#


You could see a jelly and a gnoll.

Vanquished Creatures
  Grinder (D:3)
  Terence (D:3)
  A gnoll (D:4)
  3 adders
  A worm (D:2)
  A dart slug (D:3)
  6 bats
  3 endoplasms
  2 giant cockroaches
  8 goblins
  5 hobgoblins
  9 kobolds
  3 quokkas
  2 ball pythons
  4 frilled lizards
  5 rats
55 creatures vanquished.

Notes
Turn   | Place    | Note
-------+----------+-------------------------------------------
     0 | D:1      | Dittersdorf the Gargoyle Fighter began the quest for the
                  | Orb.
     0 | D:1      | Reached XP level 1. HP: 14/14 MP: 1/1
   124 | D:1      | Found a faded altar of an unknown god.
   184 | D:1      | Reached XP level 2. HP: 19/19 MP: 2/2
   394 | D:1      | Reached XP level 3. HP: 23/23 MP: 3/3
  1454 | D:3      | Reached XP level 4. HP: 29/29 MP: 4/4
  1516 | D:3      | Noticed Grinder
  1529 | D:3      | Paralysed by Grinder for 3 turns
  1532 | D:3      | Killed Grinder
  1533 | D:3      | Reached XP level 5. HP: 34/34 MP: 5/5
  1533 | D:3      | Reached XP level 6. HP: 39/39 MP: 6/6
  1855 | D:3      | Noticed Terence
  1865 | D:3      | Killed Terence
  2223 | D:3      | Splashed by a jelly's acid

Illustrated notes

Levels and vault maps discovered:
D:1:      nzn_arrival_settlement, layout_basic, ebering_ecumenical_altar_box
D:2:      layout_basic
D:3:      layout_loops_ring, amethyst_killhole, uniq_grinder, uniq_terence
D:4:      layout_cave_pools, minmay_temple_entry_offerings, hex_medium,
          minmay_fractal_squares_gapless_5

Skill      XL: |  1  2  3  4 |
---------------+-------------+-----
Fighting       | 4 |  4.7
Maces & Flails | 3 |  3.7
Armour         | 4 |  4.7
Shields        | 4 |  4.7

Action                     |  1- 3 |  4- 6 || total
---------------------------+-------+-------++-------
  Melee: Flail             |   159 |    62 ||   221
 Armour: Scale mail        |    96 |    46 ||   142
  Dodge: Dodged            |    97 |    34 ||   131
  Block: Buckler           |    39 |    11 ||    50

Table legend: (Time is in decaauts)
 A = Elapsed time spent in this place.
 B = Non-inter-level travel time spent in this place.
 C = Inter-level travel time spent in this place.
 D = Time resting spent in this place.
 E = Time spent auto-exploring this place.
 F = Levels seen in this place.
 G = Mean time per level.
                   A        B        C        D        E       F      G
               +--------+--------+--------+--------+--------+-----+--------+
         Total |   2288 |   2212 |     76 |      2 |   1731 |   4 |  572.0 |
       Dungeon |   2288 |   2212 |     76 |      2 |   1731 |   4 |  572.0 |
               +--------+--------+--------+--------+--------+-----+--------+

Top non-repeatable levels by time:
     D:3: 857 daAuts
     D:1: 784 daAuts
     D:2: 625 daAuts
     D:4: 21 daAuts
